 Dungeon Crawl Stone Soup version 0.32-a0-918-g0f22ef8 (webtiles) character file.

Game seed: 16495639957821619692

6947 RaineAsh the Fighter (level 11, -1/82 HPs)
             Began as an Octopode Shapeshifter on Apr 10, 2024.
             Was an Initiate of Gozag.
             Slain by Sonja
             ... wielding a +0 dagger of distortion
              (21 damage)
             ... on level 11 of the Dungeon.
             The game lasted 00:27:37 (10581 turns).

RaineAsh the Fighter (Octopode Shapeshifter)       Turns: 10581, Time: 00:27:37

Health: -1/82      AC: 10    Str: 30    XL:     11   Next: 7%
Magic:  11/11      EV: 11    Int: 19    God:    Gozag
Gold:   1279       SH: 13    Dex:  9    Spells: 10/10 levels left

rFire   . .          .
                       - Unarmed
rCold   . . .        K - +0 kite shield "Sitaon" {Regen+ Str+8 Dex-4 Slay-3}
rNeg    . . .        (helmet currently unavailable)
rPois   .            C - amulet of reflection
rElec   .            h - +4 ring of protection
rCorr   .            n - +6 ring of strength
SInv    .            o - +6 ring of intelligence
Will    .....        (no ring)
Stlth   ++           (no ring)
HPRegen 1.13/turn    (no ring)
MPRegen 0.12/turn    (no ring)
                     (no ring)

%: reflection
@: beast-form, gold aura
A: beast (slay +4), almost no armour, amphibious, 8 rings, camouflage 1,
gelatinous body 1, (nimble swimmer 1), tentacles, iridescent scales 2, shaggy
fur 1
a: Begin Untransformation, Renounce Religion, Potion Petition, Call Merchant,
Bribe Branch


You were on level 11 of the Dungeon.
You worshipped Gozag.
Gozag was most pleased with you.
You were a hulking beast.
You visited 2 branches of the dungeon, and saw 12 of its levels.
You also visited: Bailey.

You collected 1481 gold pieces.
You spent 97 gold pieces at shops.
You paid 105 gold pieces to Gozag.

Inventory:

Hand Weapons
 L - the +7 mace of Makhleb, Mashing {elec, rC+ MP+9 Str+5}
   (You found it in a bailey)

   Str+5:     It affects your strength (+5).
   rC+:       It protects you from cold.
   MP+9:      It affects your magic capacity (+9).
Missiles
 e - 136 stones (quivered)
 j - 18 poisoned darts
 r - 9 boomerangs
 D - 2 throwing nets
 O - 2 curare-tipped darts
Armour
 K - the +0 kite shield "Sitaon" (worn) {Regen+ Str+8 Dex-4 Slay-3}
   (You acquired it in a bailey)

   Str+8:     It affects your strength (+8).
   Dex-4:     It affects your dexterity (-4).
   Slay-3:    It affects your accuracy & damage with ranged weapons and melee
   (-3).
   Regen+:    It increases your rate of health regeneration.
Jewellery
 h - a +4 ring of protection (left tentacle)
   (You found it on level 1 of the Dungeon)
 n - a +6 ring of strength (right tentacle)
   (You found it on level 3 of the Dungeon)
 o - a +6 ring of intelligence (on tentacle)
   (You took it off a hobgoblin on level 3 of the Dungeon)
 C - an amulet of reflection (around mantle)
   (You found it on level 7 of the Dungeon)
Talismans
 b - a beast talisman (active)
 c - a flux talisman
Wands
 k - a wand of flame (66)
   (You found it on level 3 of the Dungeon)
 t - a wand of light (2)
   (You took it off a gnoll on level 4 of the Dungeon)
Scrolls
 d - 5 scrolls of poison
 f - a scroll of enchant weapon
 i - 8 scrolls of teleportation
 l - a scroll of immolation
 p - a scroll of enchant armour
 y - a scroll of noise
 A - a scroll of brand weapon {unknown}
 B - a scroll of fear
 F - a scroll of blinking
 G - a scroll of silence {unknown}
 I - a scroll of fog {unknown}
 M - a scroll of amnesia {unknown}
 P - a scroll of revelation {unknown}
Potions
 a - 5 potions of lignification
 g - 2 potions of mutation
 m - 4 potions of enlightenment
 q - a potion of berserk rage
 s - 2 potions of resistance
 v - 4 potions of might
 w - 2 potions of brilliance
 x - 3 potions of curing
 z - 3 potions of heal wounds
 E - 2 potions of cancellation
 H - a potion of haste
 J - a potion of invisibility
Miscellaneous
 N - a phantom mirror
   (You found it on level 10 of the Dungeon)


   Skills:
 + Level 10.4 Fighting
 - Level 2.0 Dodging
 + Level 4.0 Shields
 + Level 10.1 Unarmed Combat
 - Level 7.9 Shapeshifting


You had 10 spell levels left.
You didn't know any spells.
Your spell library contained the following spells:

 Spells                   Type           Power      Damage    Failure   Level
 Leda's Liquefaction      Alch/Erth      0%         N/A       98%         4
 Petrify                  Alch/Erth      0%         N/A       98%         4
 Metabolic Englaciation   Hex/Ice        0%         N/A       100%        5


Dungeon Overview and Level Annotations

Branches:
Dungeon (11/15)            Temple (1/1) D:6             Orc (0/2) D:10
 Bailey (visited)
   Lair: D:8-11

Altars:
Ashenzari
Cheibriados
Dithmenos
Elyvilon
Fedhas
Gozag
Hepliaklqana
Kikubaaqudgha
Makhleb
Nemelex Xobeh
Qazlal
Ru
Sif Muna
Trog
Uskayaw
Vehumet
Wu Jian
Xom
Zin
The Shining One
Beogh

Shops:
D:1 :   D:6 ?   D:7 ?   D:10 !

Annotations:
D:4 exclusion: ogre
D:7 exclusion: statue
D:11 Sonja


Innate Abilities, Weirdness & Mutations

You are a hulking beast.
Your limbs bulge with bestial killing power. (Slay +4)
You cannot wear most types of armour.
You are amphibious.
You can wear up to eight rings at the same time.
Your skin changes colour to match your surroundings (Stealth+).
Your rubbery body absorbs attacks. (AC +1, EV +1)
((You are camouflaged when in or above water. (Stealth+)))
You have tentacles for arms and can constrict up to eight enemies at once.
You are mostly covered in iridescent scales. (AC +4)
You are covered in fur. (AC +1)


Message History

The howler monkey is moderately wounded.
The howler monkey hoots and howls with incredible vigour!
The electric eel is engulfed in a cloud of scalding steam.
You kill the electric eel!
You hear a splash.
You hear a shout! x5
There are monsters nearby!
You enter the deep water.
You block the howler monkey's attack.
You bludgeon the howler monkey! You grab the howler monkey.
You squeeze the howler monkey.
The howler monkey is almost dead.
You constrict the howler monkey.
You kill the howler monkey!
You see here 4 gold pieces.
You are engulfed in a cloud of scalding steam.
The howler monkey hoots and howls with incredible vigour!
You hear a shout! x2
You enter the deep water.
The howler monkey hits you but does no damage.
The howler monkey closely misses you.
You barely miss the howler monkey. You grab the howler monkey.
The howler monkey is moderately wounded.
You constrict the howler monkey. The howler monkey barely misses you.
You batter the howler monkey!!
You kill the howler monkey!
You now have 1013 gold pieces (gained 5).
You enter the deep water.
You now have 1019 gold pieces (gained 6).
You now have 1023 gold pieces (gained 4).
You enter the deep water.
Found a sparkling altar of Nemelex Xobeh.
Found a burning altar of Makhleb.
An orc comes into view. It is wielding a +0 war axe.
You enter the deep water.
An orc warrior and an orc priest come into view.
An orc wizard comes into view. It is wielding a +0 dagger.
The orc warrior moves out of view.
The orc priest moves out of view.
You start waiting.
An orc warrior is nearby!
You tentacle-slap the orc warrior but do no damage.
You grab the orc warrior. You constrict the orc warrior.
The orc warrior hits you but does no damage.
You tentacle-slap the orc warrior.
The orc warrior is moderately wounded.
You constrict the orc warrior. You block the orc warrior's attack.
You tentacle-slap the orc warrior.
The orc warrior is heavily wounded.
You constrict the orc warrior. The orc warrior completely misses you.
You tentacle-slap the orc warrior but do no damage.
You squeeze the orc warrior!
You kill the orc warrior!
You tentacle-slap the orc priest. Your grab misses the orc priest.
The orc priest is lightly wounded.
The orc priest closely misses you.
You bludgeon the orc priest! You grab the orc priest.
The orc priest is severely wounded.
You constrict the orc priest!
You kill the orc priest!
The orc wizard shouts!
The orc wizard is distracted by your dazzling golden aura.
The orc is distracted by your dazzling golden aura.
Items here: $ ( )) [[.
Okay, then.
You start waiting.
A centaur comes into view.
You enter the deep water.
Found a runed mace.
The centaur shouts!
The centaur wields a +0 shortbow.
The centaur shoots an arrow.
The arrow hits you but does no damage.
The centaur shoots an arrow.
You block the arrow with an invisible shield... and reflect it back!
The arrow hits the centaur!
You enter the deep water.
The centaur unwields a +0 shortbow.
You block the centaur's attack. The centaur kicks you.
You take 1 damage.
You tentacle-slap the centaur.
Your tentacle-slap misses the centaur.
The centaur is moderately wounded.
The centaur hits you but does no damage.
The centaur barely misses you. You block the centaur's attack.
The centaur kicks you but does no damage.
You barely miss the centaur. You squeeze the centaur!
You kill the centaur!
Things that are here:
21 gold pieces; a +0 shortbow You enter the deep water.
You start waiting.
Done waiting.
You start waiting.
Done waiting.
You enter the deep water.
You now have 1044 gold pieces (gained 21).
You see here a +0 shortbow.
You enter the deep water.
You see here a +1 mace of holy wrath.
You now have 1055 gold pieces (gained 11).
e - 109 stones (gained 8)
Items here: )) [[.
You enter the shallow water.
The orc shouts!
You closely miss the orc wizard.
The orc wizard shouts!
Your grab misses the orc wizard. You tentacle-slap the orc wizard.
Your grab misses the orc wizard.
The orc wizard is moderately wounded.
You block the orc wizard's attack.
You bludgeon the orc wizard!
You kill the orc wizard!
Things that are here:
7 gold pieces; a +0 dagger; a +0 robe You tentacle-slap the orc.
You grab the orc. You squeeze the orc.
You kill the orc!
You now have 1059 gold pieces (gained 4).
Things that are here:
a +0 war axe; a +0 ring mail You now have 1066 gold pieces (gained 7).
Things that are here:
a +0 dagger; a +0 robe
Things that are here:
a +0 war axe; a +0 ring mail 2 kobolds come into view. 2 kobolds come into view.
A kobold brigand comes into view.
It is wielding a +0 dagger and quivering curare-tipped darts.
The kobold shouts! x3
A kobold comes into view. It is wielding a +0 dagger.
The kobold throws a stone.
You block the stone with an invisible shield... and reflect it back!
The stone closely misses the kobold.
A kobold comes into view. It is wielding a +0 short sword.
You see here a phantom mirror.
The kobold brigand shouts!
The kobold shouts! x2
You tentacle-slap the kobold but do no damage.
Your grab misses the kobold. You tentacle-slap the kobold.
You kill the kobold!
The kobold throws a stone.
You block the stone with an invisible shield... and reflect it back!
The stone hits the kobold but does no damage.
The kobold brigand is distracted by your dazzling golden aura.
The kobold hits you but does no damage.
Things that are here:
9 gold pieces; a +0 dagger You block the kobold's attack. x3
You barely miss the kobold.
The kobold brigand shouts!
You grab the kobold. You constrict the kobold.
You kill the kobold!
You block the kobold's attack. The kobold barely misses you.
You block the kobold's attack. x2
You bludgeon the kobold!
You kill the kobold!
You block the kobold's attack. x3
You closely miss the kobold. You grab the kobold. You tentacle-slap the kobold.
You kill the kobold!
The kobold brigand is no longer distracted by gold.
The kobold is distracted by your dazzling golden aura.
You block the kobold's attack.
The kobold shouts!
You barely miss the kobold. Your grab misses the kobold.
Your squeeze misses the kobold. The kobold barely misses you.
You tentacle-slap the kobold brigand. You grab the kobold brigand.
The kobold brigand is lightly wounded.
You constrict the kobold brigand.
The kobold brigand hits you but does no damage.
The kobold closely misses you.
You bludgeon the kobold brigand! You squeeze the kobold brigand.
You kill the kobold brigand!
The kobold closely misses you.
You bludgeon the kobold!
You kill the kobold!
The kobold is no longer distracted by gold.
You block the kobold's attack.
You closely miss the kobold. Your grab misses the kobold.
You block the kobold's attack.
You miss the kobold. You grab the kobold. You squeeze the kobold.
You kill the kobold!
You now have 1075 gold pieces (gained 9).
You see here a +0 dagger.
N - a phantom mirror You now have 1081 gold pieces (gained 6).
You see here a +0 dagger.
You now have 1088 gold pieces (gained 7).
O - a curare-tipped dart You see here a +0 dagger.
You now have 1093 gold pieces (gained 5).
e - 114 stones (gained 5)
You see here a +0 short sword.
You now have 1097 gold pieces (gained 4).
e - 115 stones (gained 1)
You see here a +0 dagger.
You now have 1101 gold pieces (gained 4).
You see here a +0 whip.
You now have 1108 gold pieces (gained 7).
e - 120 stones (gained 5)
You see here a +0 short sword.
Found a falchion.
Found a stone staircase leading up.
P - a scroll labelled JULAXT TECU
v - 4 potions of might (gained 1)
e - 129 stones (gained 9)
You enter the deep water.
A gnoll bouda and 2 gnolls come into view.
The gnoll shouts!
The gnoll bouda shouts!
You hear a shout!
Okay, then. 2 gnolls come into view.
The gnoll shouts! x2
The gnoll bouda barks out a call to the hunt!
The gnolls pick up the pace!
The gnoll hits you from afar with a +0 spear.
You take 3 damage.
You bludgeon the gnoll! You grab the gnoll.
The gnoll is severely wounded.
You constrict the gnoll.
You kill the gnoll!
The gnoll is distracted by your dazzling golden aura.
You block the gnoll's attack.
The gnoll shouts!
You bludgeon the gnoll bouda! Your grab misses the gnoll bouda.
The gnoll bouda is heavily wounded.
You tentacle-slap the gnoll bouda. Your grab misses the gnoll bouda.
You squeeze the gnoll bouda.
You kill the gnoll bouda!
You block the gnoll's attack. x2
You have reached level 11!
You bludgeon the gnoll! You grab the gnoll.
The gnoll is heavily wounded.
You constrict the gnoll. The gnoll closely misses you.
You tentacle-slap the gnoll.
You kill the gnoll!
The gnoll hits you from afar with a +0 spear.
You take 1 damage.
The gnoll is no longer distracted by gold.
The gnoll barely misses you. You block the gnoll's attack.
Items here: $ ))) [.
The gnoll barely misses you. The gnoll misses you.
You bludgeon the gnoll! You grab the gnoll.
The gnoll is heavily wounded.
You constrict the gnoll!
You kill the gnoll!
The gnoll hits you from afar with a +0 spear.
You take 5 damage.
You block the gnoll's attack.
Things that are here:
6 gold pieces; a +0 halberd You bludgeon the gnoll!
You kill the gnoll!
You now have 1116 gold pieces (gained 8).
You see here a +0 spear.
HP restored.
You now have 1130 gold pieces (gained 14).
You now have 1148 gold pieces (gained 18).
Items here: ))) [.
You now have 1154 gold pieces (gained 6).
You see here a +0 halberd.
You see here a +0 spear.
Found a stone staircase leading down.
Found a stone staircase leading down.
A kobold brigand comes into view.
It is wielding a +0 club and quivering poisoned darts.
The kobold brigand shouts!
A kobold comes into view. It is wielding a +0 short sword.
A kobold comes into view. It is wielding a +0 whip.
The kobold brigand throws a poisoned dart.
You block the poisoned dart with an invisible shield... and reflect it back!
The poisoned dart misses the kobold brigand.
You start waiting.
A kobold is nearby!
The kobold brigand shouts!
You hear a shout!
The kobold shouts!
You block the kobold's attack.
A kobold comes into view. It is wielding a +0 club.
You bludgeon the kobold!
You kill the kobold!
The kobold brigand hits you with a +0 club.
You take 1 damage.
You tentacle-slap the kobold brigand but do no damage.
You grab the kobold brigand. You constrict the kobold brigand.
You block the kobold brigand's attack.
You tentacle-slap the kobold brigand.
The kobold brigand is moderately wounded.
You constrict the kobold brigand. You block the kobold brigand's attack.
You bludgeon the kobold brigand!
The kobold brigand is almost dead.
You constrict the kobold brigand.
You kill the kobold brigand!
The kobold hits you with a +0 club.
Things that are here:
7 gold pieces; a +0 club; 2 poisoned darts You take 3 damage.
You bludgeon the kobold!
You kill the kobold!
You batter the kobold!!
You kill the kobold!
You now have 1161 gold pieces (gained 7).
j - 18 poisoned darts (gained 2)
You see here a +0 club.
You now have 1172 gold pieces (gained 11).
Things that are here:
a +0 whip; a +0 club You now have 1177 gold pieces (gained 5).
e - 132 stones (gained 3)
You see here a +0 short sword.
Things that are here:
a +0 whip; a +0 club You see here a +1 mace of protection.
You open the door.
There is an open door here.
Found a stone staircase leading down.
An orc priest comes into view. It is wielding a +0 hand axe.
The orc priest shouts!
The orc priest misses you.
You bludgeon the orc priest!
You kill the orc priest!
Found a roughly hewn altar of Beogh.
You block the orc's attack.
The orc priest shouts!
You bludgeon the orc!
You kill the orc!
You block the orc warrior's attack.
Things that are here:
20 gold pieces; a +0 club The orc warrior hits you with a +0 halberd.
You take 1 damage.
You tentacle-slap the orc warrior but do no damage.
Your grab misses the orc warrior.
The orc priest calls down the wrath of Beogh upon you.
Beogh smites you! You block the orc warrior's attack.
You take 10 damage.
You bludgeon the orc warrior! Your grab misses the orc warrior.
The orc warrior is heavily wounded.
You bludgeon the orc warrior!
You kill the orc warrior!
Your Unarmed Combat skill increases to level 10!
You bludgeon the orc priest! You grab the orc priest.
You squeeze the orc priest.
You kill the orc priest!
You now have 1190 gold pieces (gained 13).
There is an open door, spattered with blood here.
Items here: )) [[.
HP restored.
You now have 1210 gold pieces (gained 20).
You see here a +0 club.
You now have 1216 gold pieces (gained 6).
You see here a +0 hand axe.
You now have 1224 gold pieces (gained 8).
Things that are here:
a +0 robe; a +0 dagger You now have 1228 gold pieces (gained 4).
Things that are here:
a +0 plate armour; a +0 dire flail You now have 1243 gold pieces (gained 15).
You enter the deep water.
You enter the deep water.
You enter the deep water.
You enter the shallow water.
You now have 1256 gold pieces (gained 13).
You enter the deep water.
You enter the deep water.
You enter the deep water.
You enter the deep water.
You enter the deep water.
You enter the deep water.
Items here: )) [[.
You enter the deep water. 2 kobolds come into view.
The kobold shouts!
A kobold brigand comes into view.
It is wielding a +0 dagger and quivering curare-tipped darts.
A kobold comes into view. It is wielding a +0 dagger.
The kobold brigand shouts!
The kobold shouts! x2
You bludgeon the kobold!
You kill the kobold!
You block the kobold's attack.
The kobold throws a stone.
You block the stone with an invisible shield... and reflect it back!
The stone misses the kobold.
Things that are here:
6 gold pieces; a +0 dagger The kobold brigand hits you but does no damage.
The kobold closely misses you. The kobold misses you.
You bludgeon the kobold brigand! Your grab misses the kobold brigand.
The kobold brigand is severely wounded.
You block the kobold brigand's attack. You block the kobold's attack.
The kobold hits you but does no damage.
You batter the kobold brigand!!
You kill the kobold brigand!
You block the kobold's attack. x2
You block the kobold's attack.
Things that are here:
5 gold pieces; a +0 dagger; a curare-tipped dart Unknown command.
You bludgeon the kobold!
You kill the kobold!
The kobold hits you but does no damage.
You barely miss the kobold. You grab the kobold.
Your squeeze misses the kobold. You constrict the kobold.
You kill the kobold!
You now have 1261 gold pieces (gained 5).
O - 2 curare-tipped darts (gained 1)
You see here a +0 dagger.
Unknown command.
You now have 1267 gold pieces (gained 6).
You see here a +0 dagger.
You now have 1272 gold pieces (gained 5).
e - 136 stones (gained 4)
You see here a +0 dagger.
You now have 1279 gold pieces (gained 7).
You see here a +0 dagger.
Key pressed, stopping explore.
Found Gonleuri's Distillery.
There is an entrance to Gonleuri's Distillery here.
You can access your shopping list by pressing '$'.
Okay, then.
As you read the scroll labelled GOTUEPEE IJUHI, it crumbles to dust.
You hear a loud clanging noise!
It was a scroll of noise.
As you read the scroll labelled FYSOEL YKADUNN, it crumbles to dust.
The air around you briefly surges with heat, but it dissipates.
It was a scroll of immolation.
As you read the scroll labelled QONOGU KUNACI, it crumbles to dust.
It is a scroll of enchant armour.
You aren't carrying any armour which can be enchanted further.
As you read the scroll labelled DOUN KUSORUASM, it crumbles to dust.
You assume a fearsome visage.
Nothing appears to happen.
It was a scroll of fear.
As you read the scroll labelled YRU QOJELINEL, it crumbles to dust.
A wave of despondency washes over your surroundings.
It was a scroll of vulnerability.
You start waiting.
You feel your willpower return.
You start waiting.
Done waiting.
You see here a +0 dagger.
You see here a +0 short sword.
k - a wand of flame (66) (gained 6 charges) Done exploring.
Done exploring.
Search for what [Enter for "."]? .
Unknown command.
Okay, then.
There is a stone staircase leading down here.
You climb downwards.
Found 41 gold pieces and 2 potions of mutation.
There is a stone staircase leading up here.
Found 5 stones.
The helpless Sonja fails to defend herself.
You bludgeon Sonja! Your grab misses Sonja. Your squeeze misses Sonja.
Sonja is heavily wounded.
Sonja mumbles some strange words.
Sonja blinks!
Sonja gestures wildly while chanting.
Sonja blinks!
You block Sonja's attack. x3
You miss Sonja. Your grab misses Sonja.
Sonja is heavily wounded.
You block Sonja's attack. x2
Sonja hits you with a +0 dagger of distortion.
You blink.
You take 1 damage.
The wraith barely misses you.
You closely miss the wraith. Your squeeze misses the wraith.
You block the wraith's attack.
You closely miss the wraith. You block the wraith's attack.
You bludgeon the wraith! Your squeeze misses the wraith.
The wraith is moderately damaged.
The wraith barely misses you.
You closely miss the wraith. You squeeze the wraith!
The wraith is heavily damaged.
The wraith hits you but does no damage.
You bludgeon the wraith!
You destroy the wraith!
Your Shields skill increases to level 4!
You barely miss Sonja. Your grab misses Sonja. Your squeeze misses Sonja.
Sonja is heavily wounded.
You block Sonja's attack. Sonja completely misses you.
Sonja hits you but does no damage. Space warps horribly around you!!
Sonja misses you. You block Sonja's attack. Sonja hits you but does no damage.
Space warps horribly around you!
You take 32 damage.
You tentacle-slap Sonja. Your grab misses Sonja. Your squeeze misses Sonja.
Sonja is heavily wounded.
Sonja hits you but does no damage.
You blink.
A yak comes into view.
The yak bellows!
You hear a shout!
You hear an angry hiss.
Sonja casts a spell.
Sonja blinks!
You see here 2 potions of mutation.
You miss Sonja. Your grab misses Sonja.
Sonja is heavily wounded.
You block Sonja's attack. x2; Sonja hits you but does no damage.
Space warps around you.
You completely miss Sonja. Your grab misses Sonja.
Sonja is heavily wounded.
Sonja hits you but does no damage. Sonja barely misses you.
Sonja hits you but does no damage. Space warps horribly around you!!
* * * LOW HITPOINT WARNING * * *
You take 21 damage.
You miss Sonja. Your grab misses Sonja.
Sonja is heavily wounded.
You block Sonja's attack. Sonja misses you. You block Sonja's attack.
Sonja hits you but does no damage. Space warps horribly around you!
* * * LOW HITPOINT WARNING * * *
You block Sonja's attack. Sonja hits you but does no damage.
Space warps horribly around you!!
You die...
Sonja takes a bow.
Your body crumbles into a pile of gold.

. #.# ......#
#.#.##......# #
#.#.........# ..
#........# ...##
#..<...$.#
...P.#+#+#........#
..P...............#
...PY...K.##....#.#
P..P.....h......#.#
P.♣......$(####.# #
................#
PP...############
....# .... ... P.


You could see a yak and Sonja.

Vanquished Creatures
  Pikel (D:8)
  An orc knight (Bailey)
  A troll (D:10)
  A hornet (D:7)
  A wyvern (D:9)
  6 yaks (D:10)
  A wraith (D:11)
  A water moccasin (D:7)
  An acid dragon (D:8)
  11 orc warriors
  2 black bears
  An ice beast (D:8)
  5 centaurs
  An ogre (D:6)
  3 phantoms
  3 kobold brigands (D:10)
  2 bullfrogs
  3 scorpions
  4 killer bees (D:9)
  An electric eel (D:10)
  2 howler monkeys (D:10)
  A bombardier beetle (D:6)
  A hound (D:7)
  2 gnoll boudas
  12 orc priests
  5 jellies
  2 sleepcaps (D:6)
  10 orc wizards
  4 iguanas
  A mummy (D:6)
  18 gnolls
  11 adders
  A shadow imp (D:7)
  2 white imps
  4 dart slugs
  3 ribbon worms
  66 orcs
  8 ball pythons
  3 endoplasms
  4 giant cockroaches
  14 goblins
  16 hobgoblins
  5 jackals
  30 kobolds
  4 quokkas
  8 bats
  5 rats
292 creatures vanquished.

Notes
Turn   | Place    | Note
-------+----------+-------------------------------------------
     0 | D:1      | RaineAsh the Octopode Shapeshifter began the quest for the
                  | Orb.
     0 | D:1      | Reached XP level 1. HP: 13/13 MP: 1/1
   236 | D:1      | Found Byap's Vocational Training.
   420 | D:1      | Reached XP level 2. HP: 15/18 MP: 2/2
   540 | D:1      | HP: 7/18 [constriction (2)]
   719 | D:1      | Reached XP level 3. HP: 24/24 MP: 3/3
  1285 | D:1      | Found a faded altar of an unknown god.
  1634 | D:2      | Found a glowing golden altar of the Shining One.
  1720 | D:2      | Reached XP level 4. HP: 30/30 MP: 4/4
  2321 | D:3      | Reached XP level 5. HP: 27/36 MP: 5/5
  2323 | D:3      | HP: 14/36 [orc wizard/puff of flame (6)]
  2324 | D:3      | HP: 5/36 [orc wizard/puff of flame (9)]
  2891 | D:4      | Reached XP level 6. HP: 36/42 MP: 6/6
  3213 | D:4      | Reached skill level 5 in Unarmed Combat
  3304 | D:4      | HP: 12/43 [gnoll/+2 flail of holy wrath (8)]
  3537 | D:4      | Reached XP level 7. HP: 46/48 MP: 7/7
  3996 | D:4      | Found a stormy altar of Qazlal.
  4138 | D:5      | Entered Level 5 of the Dungeon
  4535 | D:5      | Gained mutation: You are covered in fur. (AC +1) [potion of
                  | mutation]
  4535 | D:5      | Gained mutation: You are partially covered in iridescent
                  | scales. (AC +2) [potion of mutation]
  4535 | D:5      | Gained mutation: You are mostly covered in iridescent
                  | scales. (AC +4) [potion of mutation]
  4678 | D:5      | Reached skill level 5 in Fighting
  5040 | D:5      | Reached XP level 8. HP: 56/57 MP: 8/8
  5194 | D:6      | Found a glowing golden altar of the Shining One.
  5228 | D:6      | Found Ekluocse's Magic Scroll Shop.
  5295 | D:6      | Reached skill level 5 in Shapeshifting
  5779 | D:6      | Found a sand-covered staircase.
  6080 | D:6      | Found a staircase to the Ecumenical Temple.
  6086 | Temple   | Entered the Ecumenical Temple
  6096 | Temple   | Became a worshipper of Gozag Ym Sagoz the Greedy
  6385 | D:7      | Noticed a hornet
  6402 | D:7      | Reached XP level 9. HP: 60/64 MP: 9/9
  6406 | D:7      | Killed a hornet
  6596 | D:7      | Found Foyrph's Magic Scroll Boutique.
  6602 | D:7      | Bought a scroll of blinking for 97 gold pieces
  6745 | D:7      | Found a radiant altar of Vehumet.
  7064 | D:7      | Found an ornate altar of the Wu Jian Council.
  7468 | D:8      | Found a glowing silver altar of Zin.
  7515 | D:8      | Noticed Pikel
  7554 | D:8      | Killed Pikel
  7713 | D:8      | Found a hazy altar of Hepliaklqana.
  8026 | D:9      | Reached XP level 10. HP: 73/73 MP: 10/10
  8279 | D:9      | Found a white marble altar of Elyvilon.
  8559 | D:9      | Found a snail-covered altar of Cheibriados.
  8573 | D:9      | Found a flagged portal.
  8581 | Bailey   | Entered a bailey
  8862 | Bailey   | Noticed an orc knight
  8869 | Bailey   | Killed an orc knight
  8880 | Bailey   | Identified the +7 mace of Makhleb, Mashing {elec, rC+ MP+9
                  | Str+5}
  8902 | Bailey   | Acquired the +0 kite shield "Sitaon" {Regen+ Str+8 Dex-4
                  | Slay-3}
  9091 | D:9      | Found a broken altar of Ashenzari.
  9347 | D:10     | Entered Level 10 of the Dungeon
  9350 | D:10     | Found a staircase to the Orcish Mines.
  9357 | D:10     | Reached skill level 1 in Shields
  9515 | D:10     | Reached skill level 10 in Fighting
  9595 | D:10     | Found a sparkling altar of Nemelex Xobeh.
  9597 | D:10     | Found a burning altar of Makhleb.
  9985 | D:10     | Reached XP level 11. HP: 81/81 MP: 11/11
 10105 | D:10     | Found a roughly hewn altar of Beogh.
 10112 | D:10     | Reached skill level 10 in Unarmed Combat
 10309 | D:10     | Found Gonleuri's Distillery.
 10563 | D:11     | Noticed Sonja
 10580 | D:11     | HP: 32/82 [Sonja/+0 dagger of distortion (22)]
 10581 | D:11     | Slain by Sonja

Illustrated notes

Levels and vault maps discovered:
D:1:      psy_arrival_radial02, layout_basic,
          hellmonk_ecumenical_altar_heavens_door,
          chequers_serial_rivers_micro_a, minmay_misc_feat_ornament,
          nicolae_shop_vocational
D:2:      minmay_kobold_bridge, layout_basic, serial_glass, glass_columns_a,
          glass_columns_a, basic_altar, minivault_26
D:3:      layout_basic, serial_curves, eino_curves_01, eino_curves_03,
          grunt_ministairs_7, kennysheep_generic_room_12
D:4:      corexii_shantytown, layout_basic, kennysheep_mini
D:5:      layout_basic
D:6:      layout_loops_ring, mainiacjoe_overflow_small_starburst,
          minmay_temple_entry_enclosed_plants, serial_shops, shop,
          gup_ossuary_entry_pyramid, kennysheep_generic_room_6
D:7:      minmay_evil_eye, layout_loops_ring, vehumet_statue,
          pdpol_wu_jian_five_deadly_venoms, serial_shops, shop
D:8:      layout_basic, kennysheep_mini_moat, mainiacjoe_overflow_paths,
          minivault_21, uniq_pikel
D:9:      layout_gridville, nicolae_overflow_hidden_temple, elyvilon_altar_3,
          enter_bailey_2
D:10:     layout_small_grid, nicolae_overflow_squiral,
          minmay_orc_entry_temple_small, serial_shops, nicolae_shop_peninsula,
          serial_rivers, chequers_serial_rivers_small_3,
          chequers_serial_rivers_small_a, chequers_serial_rivers_micro_e,
          chequers_serial_rivers_room_b, chequers_serial_rivers_micro_b,
          chequers_serial_rivers_small_a
D:11:     layout_basic, minmay_lair_entry_grove, uniq_sonja, uniq_josephine,
          uniq_erica
Temple:   nicolae_temple_ecumenical_triangle

Skill      XL: |  1  2  3  4  5  6  7  8  9 10 11 |
---------------+----------------------------------+-----
Fighting       | 2 3 4 5 7 8 10 | 10.4
Unarmed Combat | 4 5 6 7 8 9 10 | 10.1
Shapeshifting  | 4 5 7 |  7.9
Shields        | 3 4 |  4.0
Dodging        | |  2.0

Action                     |  1- 3 |  4- 6 |  7- 9 | 10-12 || total
---------------------------+-------+-------+-------+-------++-------
  Melee: Unarmed           |    69 |   136 |   214 |   180 ||   599
         Constrict         |    23 |    41 |    57 |    39 ||   160
         Tentacles         |     7 |    23 |    50 |    49 ||   129
         Punch             |     3 |     5 |    10 |     5 ||    23
  Throw: Stone             |       |       |     1 |       ||     1
  Evoke: Wand              |       |       |       |     2 ||     2
    Use: Scroll            |       |     1 |    12 |     7 ||    20
         Potion            |       |     1 |     1 |       ||     2
   Stab: Sleeping          |     9 |     3 |     9 |     2 ||    23
         Distracted        |       |     1 |     3 |       ||     4
 Armour: Skin              |    36 |    54 |   120 |    86 ||   296
  Dodge: Dodged            |    32 |    72 |    98 |    90 ||   292
  Block: Other             |       |       |    27 |    22 ||    49
         Kite shield       |       |       |       |   101 ||   101
         Reflection        |       |       |       |    15 ||    15
   Form: Flux              |     1 |       |     2 |       ||     3
         Beast             |     1 |       |     1 |     1 ||     3

Table legend: (Time is in decaauts)
 A = Elapsed time spent in this place.
 B = Non-inter-level travel time spent in this place.
 C = Inter-level travel time spent in this place.
 D = Time resting spent in this place.
 E = Time spent auto-exploring this place.
 F = Levels seen in this place.
 G = Mean time per level.
                   A        B        C        D        E       F      G
               +--------+--------+--------+--------+--------+-----+--------+
         Total |  10528 |  10255 |    273 |   1178 |   7134 |  13 |  809.8 |
       Dungeon |  10182 |   9913 |    269 |   1178 |   6917 |  11 |  925.6 |
        Temple |     15 |     11 |      4 |      0 |      0 |   1 |   15.0 |
        Bailey |    330 |    330 |      0 |      0 |    217 |   1 |  330.0 |
               +--------+--------+--------+--------+--------+-----+--------+

Top non-repeatable levels by time:
     D:1: 1384 daAuts
     D:4: 1259 daAuts
    D:10: 1145 daAuts
     D:6: 1063 daAuts
     D:9: 1054 daAuts
     D:7: 1041 daAuts
     D:5: 994 daAuts
     D:3: 845 daAuts
     D:8: 736 daAuts
     D:2: 639 daAuts
  Bailey: 330 daAuts
    D:11: 16 daAuts
  Temple: 15 daAuts

Table legend: (Time is in decaauts)
 A = Elapsed time spent in this place.
 B = Non-inter-level travel time spent in this place.
 C = Inter-level travel time spent in this place.
 D = Time resting spent in this place.
 E = Time spent auto-exploring this place.
 F = Levels seen in this place.
 G = Mean time per level.
                   A        B        C        D        E       F      G
               +--------+--------+--------+--------+--------+-----+--------+
         Total |  10528 |  10255 |    273 |   1178 |   7134 |  13 |  809.8 |
       Dungeon |  10182 |   9913 |    269 |   1178 |   6917 |  11 |  925.6 |
        Temple |     15 |     11 |      4 |      0 |      0 |   1 |   15.0 |
        Bailey |    330 |    330 |      0 |      0 |    217 |   1 |  330.0 |
               +--------+--------+--------+--------+--------+-----+--------+

Top non-repeatable levels by time:
     D:1: 1384 daAuts
     D:4: 1259 daAuts
    D:10: 1145 daAuts
     D:6: 1063 daAuts
     D:9: 1054 daAuts
     D:7: 1041 daAuts
     D:5: 994 daAuts
     D:3: 845 daAuts
     D:8: 736 daAuts
     D:2: 639 daAuts
  Bailey: 330 daAuts
    D:11: 16 daAuts
  Temple: 15 daAuts

Table legend:
 A = Kills in this place as a percentage of kills in the entire game.
 B = Kills by you in this place as a percentage of kills by you in the entire game.
 C = Kills by friends in this place as a percentage of kills by friends in the entire game.
 D = Other kills in this place as a percentage of other kills in the entire game.
 E = Experience gained in this place as a percentage of experience gained in the entire game.
 F = Experience gained in this place divided by the number of levels of this place that you have seen.
                   A       B       C       D       E      F
               +-------+-------+-------+-------+-------+----------------------
         Total | 100.0 | 100.0 |   N/A |   N/A | 100.0 | 763.5
       Dungeon |  94.2 |  94.2 |   N/A |   N/A |  87.5 | 789.2
        Bailey |   5.8 |   5.8 |   N/A |   N/A |  12.5 | 1244.0
               +-------+-------+-------+-------+-------+----------------------
